Rargh, neutral male human Barbarian -------------- |....>.......| #.............-######## #-------|------ # #### # ## # # # # # # # ### ---------# # |.......|# ### |...<....# # |_......| d@ --------- ----h--- |(..G%.| |..G.k.| |...o..| |.h....- -------- Rargh the Pillager Experience level: 4 Strength: 17 Dexterity: 18 Constitution: 17 Intelligence: 7 Wisdom: 9 Charisma: 7 Health: 0(48) Energy: 10(10) Def: 4 Gold: 409 Moves: 1807 Dungeon seed: oxzZp_iNgWZyUi_l Game ID: Rargh_1524176825 Your Inventory: Coins $ - 409 gold pieces Weapons a - a corroded +0 battle-axe (weapon in hands) b - a +0 short sword (alternate weapon; not wielded) i - a blessed +2 elven dagger t - a +0 boomerang x - a +0 dwarvish spear Armor e - a blessed +0 ring mail n - an uncursed +0 scale mail (being worn) r - an uncursed +0 pair of water walking boots Comestibles c - 2 uncursed food rations Scrolls k - an uncursed scroll of charging u - an uncursed scroll of enchant weapon y - a cursed scroll of light Spellbooks m - an uncursed spellbook of extra healing o - an uncursed spellbook of turn undead Potions f - a cursed potion of booze h - a potion of holy water p - a cursed potion of invisibility s - an uncursed potion of monster detection w - an uncursed potion of sleeping Wands g - a wand of magic missile (0:7) Tools d - an uncursed magic whistle v - a blessed oil lamp (0:1111) Gems q - 2 uncursed worthless pieces of red glass Spells and supernatural/magical abilities: Name Level Category Fail Memory W - pray for help -- divine ? -- Your skills at the end: Fighting Skills bare handed combat [Basic] Weapon Skills axe [Basic] short sword [Basic] Spellcasting Skills Final Attributes: You were piously aligned. You were poison resistant. You are dead. Vanquished creatures: 2 bugbears a gnome lord 2 dwarf zombies an acid blob 2 coyotes 2 hobbits 3 hobgoblins a giant rat 2 cave spiders a green mold 5 garter snakes 2 geckos 3 jackals 2 kobolds 3 sewer rats 5 grid bugs 4 lichens 5 newts 46 creatures vanquished. Voluntary challenges: You used a wielded weapon 49 times, starting on turn 2. You read items or engraved 1 time, starting on turn 779. You never genocided any monsters. You never polymorphed an object. You never changed form. You used no wishes. You never split a pudding. You wrote Elbereth's name 1 time, starting on turn 779. You violated your moral code, losing 21 points of alignment, starting on turn 1580. Dungeon overview: The Dungeons of Doom: levels 1 to 5 Level 1 a long staircase Level 2 a general store, a fountain Level 3 a potion shop, a fountain Level 4 a fountain a long staircase Level 5 <- You were here an altar to Set, a throne History has recorded: On T:1 you entered the Dungeons of Doom to retrieve the Amulet of Yendor! On T:360 you reached level 2 of The Dungeons of Doom. On T:601 you advanced to experience level 2. On T:822 you reached level 3 of The Dungeons of Doom. On T:1026 you advanced to experience level 3. On T:1354 you reached level 4 of The Dungeons of Doom. On T:1570 you reached level 5 of The Dungeons of Doom. On T:1587 you advanced to experience level 4. Score breakdown: Gold: 409 ( 8887 points) Experience: 4 levels ( 9649 points) Exploration: 5 levels ( 10.00%) ( 8571 points) Discoveries: 1 item ( 0.41%) ( 1912 points) Valuables value: (no points given unless you survive) Artifact value: 0 ( 0 points) Variety of kills: 18 monsters ( 4.72%) ( 6520 points) Turncount: 1807 turns ( 0 points) Survival: died (score multiplied by 80%) Total score: 28431 Latest messages: The hobgoblin swings her scimitar. The hobgoblin misses. The hobgoblin swings her scimitar. The hobgoblin hits! You kill the hobgoblin! Idefix eats a hobgoblin corpse. Idefix drops a wand. The hobgoblin picks up a zinc wand. You kill the hobgoblin! The bugbear picks up a cursed orcish dagger. You miss the bugbear. The bugbear wields a cursed orcish dagger! The orcish dagger welds itself to the bugbear's hand! The bugbear thrusts her orcish dagger. The bugbear hits! You miss the bugbear. You smite the bugbear! The bugbear thrusts her orcish dagger. The bugbear hits! You miss the bugbear. The bugbear thrusts her orcish dagger. The bugbear hits! The bugbear thrusts her orcish dagger. The bugbear hits! You die... Final status: Goodbye Rargh the Barbarian, killed by a bugbear... You died in The Dungeons of Doom on dungeon level 5 with 28431 points, and 409 pieces of gold, after 1807 moves. You were level 4 with a maximum of 48 hit points when you died.